 Dungeon Crawl Stone Soup version 0.21.1-1-g345015f (webtiles) character file.

212 sking99 the Firebug (level 5, -2/38 HPs)
             Began as a Draconian Fire Elementalist on June 30, 2018.
             Was an Initiate of Vehumet.
             Slain by an ogre
             ... wielding a +0 giant spiked club
              (21 damage)
             ... on level 4 of the Dungeon.
             The game lasted 00:10:00 (3787 turns).

sking99 the Firebug (Draconian Fire Elementalist)   Turns: 3787, Time: 00:10:01

Health: -2/38      AC:  7    Str: 11    XL:     5   Next: 58%
Magic:  1/10       EV: 12    Int: 16    God:    Vehumet [......]
Gold:   170        SH:  0    Dex: 11    Spells: 0/10 levels left

rFire    . . .     SeeInvis .   p - +1 whip (elec)
rCold    . . .     Gourm    .   (no shield)
rNeg     . . .     Faith    .   (armour unavailable)
rPois    .         Spirit   .   d - +2 hat
rElec    .         Reflect  .   (no cloak)
rCorr    .         Harm     .   (no gloves)
MR       .....                  (no boots)
Stlth    ++........             (no amulet)
HPRegen  0.12/turn              (no ring)
MPRegen  0.12/turn              (no ring)

@: no status effects
A: unfitting armour, cold-blooded, AC +5
a: Renounce Religion


You were on level 4 of the Dungeon.
You worshipped Vehumet.
Vehumet was noncommittal.
You were hungry.

You visited 1 branch of the dungeon, and saw 4 of its levels.

You collected 170 gold pieces.

Inventory:

Hand Weapons
 j - a +0 trident
 p - a +1 whip of electrocution (weapon)
Armour
 d - a +2 hat (worn)
 q - a +0 shield
Jewellery
 i - a +2 ring of dexterity {unknown}
 o - an uncursed ring of ice {unknown}
 r - a +2 ring of slaying {unknown}
Scrolls
 e - a scroll of remove curse
 g - a scroll of enchant armour
 l - a scroll of teleportation
Potions
 f - a potion of haste
 h - a potion of heal wounds {unknown}
 k - 2 potions of magic
 m - a potion of agility
 n - 2 potions of might
Books
 a - a book of Flames

   Spells                             Type                      Level
   a - Flame Tongue                   Conjuration/Fire             1
   b - Throw Flame                    Conjuration/Fire             2
   c - Conjure Flame                  Conjuration/Fire             3
   d - Inner Flame                    Hexes/Fire                   3
   e - Sticky Flame                   Conjuration/Fire             4
   f - Fireball                       Conjuration/Fire             5
Comestibles
 b - 6 rations
 c - 3 chunks of flesh


   Skills:
 - Level 1.7 Dodging
 - Level 1.7 Stealth
 + Level 0.3 Shields
 + Level 3.4 Spellcasting
 + Level 3.2 Conjurations
 + Level 4.4 Fire Magic


You couldn't memorise any spells.
You knew the following spells:

 Your Spells              Type           Power        Failure   Level  Hunger
a - Flame Tongue          Conj/Fire      ##...        3%          1    None
b - Throw Flame           Conj/Fire      ##....       5%          2    ##.....
c - Conjure Flame         Conj/Fire      ##......     11%         3    ###....
d - Sticky Flame          Conj/Fire      ##......     36%         4    ####...


Dungeon Overview and Level Annotations

Branches:
Dungeon (4/15)
 Temple: D:4-7

Altars:
Ashenzari
Makhleb
Vehumet


Innate Abilities, Weirdness & Mutations

Your plain brown scales are hard. (AC +5)
You cannot fit into any form of body armour.
You are cold-blooded and may be slowed by cold attacks.


Message History

Aiming: Flame Tongue
Press: ? - help, Shift-Dir - straight line, f/p - ogre
Aim: an ogre, wielding a giant spiked club (moderately wounded)
The flame tongue hits the ogre.
The ogre is moderately wounded.
Casting: Flame Tongue
Confirm with . or Enter, or press ? or * to list all spells.
You don't have enough magic to cast that spell.
Unknown command.
You see here an iguana corpse.
You barely miss the ogre.
The ogre is moderately wounded.
The ogre hits you with a giant spiked club!
You hit the ogre.
Your tail-slap misses the ogre.
The ogre is moderately wounded.
You barely miss the ogre.
The ogre is moderately wounded.
The ogre hits you with a giant spiked club!!
Ouch! That really hurt!
You die...

###### ### .[....##
.. ##.(...##.#
#.........#
#........#
##........#
##.........##########
#..<......<...O@....#
#...........#########
#.._......#......#
##........O........
####...O.#######.#
##..### #..# ....#
......


You could see an ogre.

Vanquished Creatures
  An orc wizard (D:3)
  Terence (D:2)
  An iguana (D:4)
  3 adders
  3 worms
  A dart slug (D:1)
  2 leopard geckos
  11 orcs (D:3)
  11 bats
  A giant cockroach (D:2)
  10 goblins
  7 hobgoblins
  4 jackals (D:1)
  2 quokkas
  2 ball pythons (D:3)
  8 frilled lizards
  9 kobolds
  8 rats
85 creatures vanquished.

Notes
Turn   | Place    | Note
-------+----------+-------------------------------------------
     0 | D:1      | sking99 the Draconian Fire Elementalist began the quest for the Orb.
     0 | D:1      | Reached XP level 1. HP: 14/14 MP: 3/3
   244 | D:1      | Reached XP level 2. HP: 20/20 MP: 1/5
   526 | D:1      | Learned a level 2 spell: Throw Flame
   968 | D:1      | Reached XP level 3. HP: 26/26 MP: 4/6
  1340 | D:2      | Learned a level 3 spell: Conjure Flame
  1409 | D:2      | Found a shattered altar of Ashenzari.
  1594 | D:2      | Noticed Terence
  1635 | D:2      | Killed Terence
  1635 | D:2      | Reached XP level 4. HP: 23/33 MP: 0/8
  2231 | D:2      | Reached skill level 4 in Fire Magic
  2846 | D:3      | Found a radiant altar of Vehumet.
  2855 | D:3      | Became a worshipper of Vehumet
  3040 | D:3      | Reached XP level 5. HP: 38/38 MP: 2/9
  3720 | D:3      | Learned a level 4 spell: Sticky Flame
  3749 | D:4      | Found a burning altar of Makhleb.
  3761 | D:4      | Noticed an ogre
  3787 | D:4      | Slain by an ogre

Skill      XL: |  1  2  3  4  5 |
---------------+----------------+-----
Conjurations   | 2 3 |  3.2
Spellcasting   | 3 |  3.4
Fire Magic     | 4 |  4.4
Dodging        | |  1.7
Stealth        | |  1.7
Shields        | |  0.3

Action                   |  1- 3 |  4- 6 || total
-------------------------+-------+-------++-------
Melee: Spear             |    55 |    25 ||    80
       Tailslap          |     6 |       ||     6
       Whip              |       |     6 ||     6
 Cast: Flame Tongue      |    65 |    43 ||   108
       Throw Flame       |     3 |    31 ||    34
       Conjure Flame     |       |     3 ||     3
  Use: Scroll            |       |     9 ||     9
  Eat: Chunk             |     3 |     8 ||    11
Armor: Skin              |    33 |     3 ||    36
Dodge: Dodged            |    69 |    14 ||    83
